Map: Lightshade LE

Players

Serral

  • Race: Zerg Zerg

Clem - Winner!

  • Race: Terran Terran

Event: DreamHack SC2 Masters 2021 Fall

VOD

Have the link to the VOD?

Description

Time

  • Played on: Aug. 15, 2021, 1:13 p.m.
  • Length: 6:43

All games in this series

Show
View Real Time Build Order
Export as new Build Order

Serral Zerg 

Build Orders: Pool First 

Get SALT Encoding   

  12  0:00  Drone  
  13  0:11  Overlord  
  13  0:16  Drone  
  14  0:30  Drone x2  
  14  0:34  Drone  
  17  0:44  Drone, Extractor  
  17  0:49  Spawning Pool  
  16  0:55  Drone  
  17  1:06  Drone  
  18  1:17  Hatchery  
  17  1:20  Drone  
  18  1:35  Queen  
  18  1:36  Zergling x2  
  21  1:46  Roach Warren  
  20  1:49  Drone  
  21  1:57  Overlord  
  21  2:05  Overlord  
  21  2:15  Metabolic Boost  
  21  2:21  Drone x2  
  23  2:28  Queen  
  26  2:31  Queen  
  26  2:34  Drone  
  26  2:37  Drone  
  30  2:40  Drone  
  31  2:45  Drone x2  
  31  2:48  Drone  
  34  2:53  Drone  
  34  2:58  Zergling x4  
  37  3:09  Hatchery  
  36  3:13  Zergling x4  
  38  3:21  Drone x2  
  38  3:23  Overlord  
  40  3:28  Drone  
  41  3:35  Drone x3  
  41  3:37  Overlord  
  44  3:41  Queen  
  44  3:46  Overlord  
  46  3:49  Zergling x6  
  46  3:52  Zergling x4  
  50  4:04  Drone x2  
  50  4:06  Drone  
  50  4:08  Drone  
  50  4:09  Drone  
  54  4:12  Baneling Nest, Drone  
  54  4:15  Zergling x2  
  55  4:17  Queen  
  55  4:19  Zergling x6  
  55  4:23  Queen  
  60  4:32  Overlord, Drone x2  
  60  4:33  Drone  
  60  4:36  Overlord  
  60  4:38  Drone  
  63  4:43  Drone x4  
  67  4:46  Drone  
  67  4:49  Lair  
  68  4:53  Overlord  
  68  4:54  Drone x2  
  68  4:58  Drone x2  
  68  4:59  Drone  
  73  5:02  Drone x2  
  73  5:05  Queen  
  76  5:10  Drone x3  
  79  5:15  Extractor x2  
  79  5:16  Extractor  
  79  5:19  Zergling x4  
  79  5:21  Drone  
  79  5:22  Drone  
  79  5:26  Drone x2  
  82  5:29  Hatchery  
  82  5:30  Drone x2  
  83  5:37  Drone x3  
  83  5:41  Queen, Zergling x4  
  90  5:46  Evolution Chamber  
  90  5:47  Evolution Chamber  
  90  5:48  Zergling x4  
  90  5:49  Zergling x2  
  90  5:51  Overlord  
  90  5:56  Baneling x2  
  90  5:57  Overlord, Baneling x5  
  90  6:00  Overlord  
  90  6:03  Overlord  
  90  6:08  Zergling x2  
  92  6:21  Zergling x16  
Show
View Real Time Build Order
Export as new Build Order

Clem Terran - Winner!

Build Orders: Cyclone Opening, Reaper Expand 

Get SALT Encoding   

  12  0:00  SCV  
  13  0:12  SCV  
  14  0:16  Supply Depot  
  14  0:24  SCV  
  15  0:36  Refinery  
  15  0:38  SCV  
  16  0:43  Barracks  
  16  0:50  SCV  
  17  1:02  SCV  
  18  1:14  SCV  
  19  1:29  Orbital Command  
  19  1:30  Reaper  
  20  1:39  Command Center  
  20  1:55  SCV  
  20  1:56  Factory  
  21  2:03  Supply Depot  
  21  2:07  SCV  
  22  2:14  Barracks Reactor  
  22  2:19  SCV  
  22  2:25  Bunker  
  22  2:31  SCV  
  22  2:32  Refinery  
  23  2:41  Factory Tech Lab  
  23  2:43  SCV  
  24  2:50  Marine x2  
  26  2:52  Orbital Command  
  26  2:55  SCV  
  27  2:59  Cyclone  
  30  3:08  Marine x2, SCV  
  33  3:17  Barracks  
  33  3:18  SCV  
  34  3:20  SCV  
  34  3:25  Supply Depot  
  35  3:30  SCV  
  35  3:33  SCV  
  37  3:37  Hellion  
  37  3:38  Marine, Hellion  
  37  3:41  Stimpack  
  42  3:43  SCV  
  42  3:45  SCV  
  44  3:50  Supply Depot  
  44  3:55  SCV  
  44  3:57  SCV  
  44  3:59  Hellion  
  44  4:01  Hellion  
  50  4:08  SCV  
  50  4:09  SCV  
  52  4:15  Supply Depot  
  51  4:20  SCV  
  51  4:22  SCV  
  53  4:25  Starport  
  53  4:26  Marine x2  
  53  4:28  Marine  
  56  4:32  Factory Reactor  
  56  4:38  SCV  
  56  4:40  SCV, Supply Depot  
  56  4:45  Command Center  
  57  4:48  Marine x2  
  57  4:49  Marine  
  57  4:50  SCV  
  57  4:52  SCV  
  62  5:00  Engineering Bay x2  
  62  5:02  SCV  
  62  5:04  SCV  
  62  5:06  Marine  
  62  5:07  Marine  
  65  5:11  Supply Depot  
  66  5:14  Marine, SCV, Refinery  
  66  5:18  Medivac x2  
  72  5:21  Factory Tech Lab, SCV  
  72  5:24  Marine, Refinery  
  72  5:26  Marine  
  75  5:34  SCV  
  75  5:35  Marine  
  77  5:39  Barracks  
  78  5:42  SCV  
  78  5:45  Supply Depot  
  78  5:46  SCV  
  78  5:49  Marine x2  
  81  5:52  Siege Tank  
  81  5:56  Orbital Command  
  84  5:57  Marine  
  85  6:04  Medivac  
  85  6:05  Medivac  
  85  6:07  Marine  
  85  6:08  Marine  
  85  6:10  Supply Depot  
  91  6:11  SCV  
  91  6:12  SCV  
  91  6:15  Marine  
  91  6:17  Orbital Command  
  94  6:23  SCV  
  94  6:24  SCV  
  94  6:25  Marine  
  96  6:31  Barracks Reactor  

Tags
 
Add a new tag
Caveats
  • Supply blocks, unpowered buildings, or Contaminate may cause inaccurate times.
  • Supply counts are checked every 10 seconds.